Map: Catalyst LE

Players

SamZN

  • Race: Terran Terran
  • League: Silver
  • Spawn Location: 11:00

A.I. 1 (Very Easy) - Winner!

  • Race: Protoss Protoss
  • Spawn Location: 5:00

VOD

Have the link to the VOD?

Description

Time

  • Played on: Jan. 13, 2018, 8:55 a.m.
  • Length: 7:21
Show
View Real Time Build Order
Export as new Build Order

SamZN Terran 

Build Orders:  

Get SALT Encoding   

  12  0:00  SCV  
  13  0:13  SCV  
  14  0:18  Supply Depot  
  14  0:25  SCV  
  15  0:40  SCV  
  15  0:41  Barracks  
  16  0:52  SCV  
  16  0:55  Barracks  
  17  1:04  SCV  
  18  1:16  SCV  
  19  1:28  Orbital Command  
  19  1:29  Marine  
  20  1:33  Supply Depot  
  20  1:41  Marine  
  21  1:47  Marine  
  22  1:54  SCV  
  22  2:00  Marine  
  24  2:06  SCV  
  25  2:09  Marine  
  25  2:13  Command Center  
  25  2:15  Supply Depot  
  26  2:18  SCV  
  26  2:22  Marine  
  28  2:27  Marine  
  29  2:30  SCV  
  29  2:34  Barracks  
  30  2:39  Marine  
  30  2:42  SCV  
  32  2:46  Marine  
  33  2:53  Supply Depot  
  33  2:54  SCV  
  33  2:58  Refinery  
  34  3:00  Marine  
  34  3:01  Refinery  
  34  3:05  Marine  
  36  3:07  SCV  
  37  3:18  Marine  
  37  3:19  SCV  
  39  3:22  Marine  
  40  3:31  SCV  
  40  3:32  Barracks Tech Lab  
  41  3:38  SCV  
  42  3:41  Marine  
  42  3:43  SCV  
  42  3:48  Marine  
  44  3:52  Stimpack  
  45  3:56  SCV  
  45  3:58  Marine  
  45  3:59  Marine  
  48  4:04  Engineering Bay  
  48  4:11  Engineering Bay  
  48  4:13  SCV  
  48  4:14  Marine  
  48  4:15  Marine  
  51  4:17  Marine  
  51  4:22  SCV  
  53  4:25  Supply Depot  
  53  4:28  SCV  
  54  4:31  Terran Infantry Weapons Level 1  
  54  4:33  Marine x2  
  54  4:35  Marine  
  54  4:37  Terran Infantry Armor Level 1  
  57  4:39  Supply Depot  
  57  4:44  SCV x2  
  59  4:51  Factory  
  59  4:56  Marine, SCV x2  
  59  4:57  Marine x2  
  64  5:10  SCV  
  64  5:13  Orbital Command  
  65  5:14  Marine x2  
  65  5:16  Marine  
  68  5:22  SCV  
  68  5:25  Refinery  
  69  5:32  Marine x2  
  69  5:34  Marine, SCV  
  73  5:36  Supply Depot  
  73  5:40  Factory Reactor  
  73  5:41  Armory  
  73  5:48  Starport, SCV  
  73  5:49  SCV  
  75  5:54  Marine, Marauder  
  78  5:58  Marine  
  78  6:00  SCV  
  78  6:01  SCV  
  81  6:12  Marine, SCV  
  81  6:13  SCV  
  81  6:15  Marine  
  85  6:26  SCV  
  86  6:33  Supply Depot x2  
  86  6:35  Marine x2, SCV  
  86  6:36  Marauder  
  91  6:45  SCV  
  92  6:53  Marine x2  
  94  6:57  Marauder  
  98  7:04  Refinery  
  98  7:08  SCV x2  
  102  7:17  Command Center  
Show
View Real Time Build Order
Export as new Build Order

A.I. 1 (Very Easy) Protoss - Winner!

Build Orders:  

Get SALT Encoding   

  12  0:00  Probe  
  13  0:13  Probe  
  14  0:19  Pylon  
  14  0:36  Assimilator  
  14  0:42  Gateway  
  14  0:46  Pylon  
  14  1:15  Assimilator  
  14  1:21  Probe  
  15  1:33  Probe, Cybernetics Core  
  16  1:46  Probe  
  17  1:58  Probe  
  18  2:10  Probe, Warp Gate  
  18  2:11  Stalker  
  21  2:22  Probe  
  22  5:43  Zealot  
  22  5:44  Probe  
  22  5:46  Pylon  
  22  5:47  Robotics Facility  
  25  5:56  Probe  
  26  6:08  Probe  
  27  6:20  Probe  
  27  6:24  Pylon  
  26  6:33  Probe  
  26  6:35  Zealot, Observer  
  30  6:45  Probe  
  31  6:56  Observer  
Tags
 
League
Silver
Matchup
PvT
Spawn Locations
Cross Positions
Add a new tag
Caveats
  • Supply blocks, unpowered buildings, or Contaminate may cause inaccurate times.
  • Supply counts are checked every 10 seconds.